cohdb
Replays
Latest Replays
All Replays
Popular Replays
Top Player Replays
Match Explorer
How It Works
Community
CoH3 Stats
Reddit
Sign in to upload your games and track your stats! →
Sign in with Steam
Match 44428424
Unlisted
Match 44428424
Overview
Messages
Build Orders
End
Selects Mechanized Battlegroup
Construct Infanterie Kompanie
Sniper
MG 42 Machine Gun Team
Grenadier Squad
Pioneer Squad
Medical Bunker
Construct Luftwaffe Kompanie
Selects Raid Package
221 Scout Car
Flak 30 Anti-aircraft Gun Team
Flak 30 Anti-aircraft Gun Team
Selects Mobile Repair Stations
Luftwaffe Officer Quarters
Support Elements
Selects StuG Assault Group
✠KREUZZUG✠
M4X
MILF_Hunter
SirVice
Q7PoloRalph_Trendsetter
Legionary
0
0
Comments
sign in to comment!
No comments posted yet!